 Dungeon Crawl Stone Soup version 0.21.0-3-g78d12a8 (webtiles) character file.

681 MTVSty1e the Cruncher (level 7, 0/40 HPs)
             Began as a Gargoyle Gladiator on Jan 17, 2018.
             Slain by an iguana (8 damage)
             ... on level 5 of the Dungeon.
             The game lasted 00:05:21 (3894 turns).

MTVSty1e the Cruncher (Gargoyle Gladiator)          Turns: 3894, Time: 00:05:22

Health: 0/40       AC: 20    Str: 19    XL:     7   Next: 61%
Magic:  7/7        EV:  6    Int:  9    God:
Gold:   163        SH:  0    Dex: 11    Spells: 6/6 levels left

rFire    . . .     SeeInvis .   a - +1 quarterstaff
rCold    . . .     Gourm    .   (shield currently unavailable)
rNeg     + . .     Faith    .   e - +1 plate armour
rPois    ∞         Spirit   .   c - +0 helmet
rElec    +         Reflect  .   (no cloak)
rCorr    .         Harm     .   g - +0 pair of gloves
MR       .....                  x - +2 pair of boots
Stlth    ..........             (no amulet)
HPRegen  0.13/turn              n - ring of flight
MPRegen  0.10/turn              u - ring of wizardry

@: no status effects
A: negative energy resistance 1, electricity resistance, unbreathing,
petrification resistance, rot immunity, AC +4
a: Evoke Flight


You were on level 5 of the Dungeon.
You were not hungry.

You visited 2 branches of the dungeon, and saw 6 of its levels.
You also visited: Sewer.

You collected 163 gold pieces.

Inventory:

Hand Weapons
 a - a +1 quarterstaff (weapon)
Missiles
 d - 3 throwing nets (quivered)
Armour
 c - a +0 helmet (worn)
 e - a +1 plate armour (worn)
 g - a +0 pair of gloves (worn)
 x - a +2 pair of boots (worn)
Jewellery
 n - a ring of flight (left hand)
 u - a ring of wizardry (right hand)
 w - a +2 ring of intelligence
Wands
 l - a wand of flame (26)
Scrolls
 h - a scroll of amnesia
 j - 3 scrolls of teleportation
 p - a scroll of identify
Potions
 b - a potion of heal wounds {unknown}
 i - 2 potions of magic {unknown}
 k - 2 potions of lignification {unknown}
 m - a potion of invisibility {unknown}
 o - 2 potions of agility {unknown}
 q - 2 potions of flight {unknown}
 s - 2 potions of mutation {unknown}
 v - 4 potions of curing
 z - a potion of haste {unknown}
 A - a potion of brilliance {unknown}
Comestibles
 f - 10 rations


   Skills:
 - Level 2.1 Fighting
 + Level 8.7 Staves
 - Level 1.7 Throwing
 - Level 2.4 Dodging


You had 6 spell levels left.
You didn't know any spells.

Dungeon Overview and Level Annotations

Branches:
Dungeon (5/15)             Temple (1/1) D:4

Altars:
Cheibriados
Dithmenos
Elyvilon
Fedhas
Gozag
Hepliaklqana
Makhleb
Nemelex Xobeh
Okawaru
Qazlal
Ru
Sif Muna
Trog
Uskayaw
Vehumet
Wu Jian
Xom
Yredelemnul
Zin
The Shining One


Innate Abilities, Weirdness & Mutations

You are resistant to torment.
Your stone body is resilient. (AC +4)
You are immune to poison.
You resist negative energy. (rN+)
You are resistant to electric shocks. (rElec)
You can survive without breathing.
You are immune to petrification.
You are immune to rotting.


Message History

You hit the iguana but do no damage.
The iguana bites you but does no damage.
You hit the iguana but do no damage.
The iguana bites you but does no damage.
You closely miss the iguana. You barely miss the iguana.
The iguana barely misses you.
You hit the iguana.
The iguana is moderately wounded.
The iguana barely misses you.
You hit the iguana but do no damage.
The iguana is moderately wounded.
The iguana bites you.
You completely miss the iguana.
The iguana is moderately wounded.
The iguana bites you!
* * * LOW HITPOINT WARNING * * *
You closely miss the iguana.
The iguana is moderately wounded.
The iguana bites you!
You die...

****,,,,,,,,,,,,,,,,,,,,,,
************+********,*
**,,,,,,,,**,,
##########*,,,,,,,,,***,
#......[.#*,,,,,,,,,* *,
#........#*,,,,,,,,,* **
#........#*,#******** **
#.....l..##.# *,
#<.....@....# *,
########'#### *, #......##
*, #.......# *, #.......#
*, #.......# *, #..._...#
** #.......####
#..........#


You could see an iguana.

Vanquished Creatures
  The ghost of Thaneod the Firebug, a novice DEFE (D:4)
  An ogre (D:5)
  A big kobold (Sewer)
  A bullfrog skeleton (D:4)
  A hound (D:4)
  2 orc wizards
  An iguana (D:4)
  A river rat (Sewer)
  3 adders
  An ooze (D:4)
  An adder skeleton (D:4)
  3 dart slugs
  A leopard gecko (D:1)
  14 orcs
  2 ball pythons
  5 bats
  3 giant cockroaches
  5 goblins
  3 hobgoblins
  17 jackals
  4 frilled lizards
  16 kobolds
  5 rats
92 creatures vanquished.

Notes
Turn   | Place    | Note
-------+----------+-------------------------------------------
     0 | D:1      | MTVSty1e the Gargoyle Gladiator began the quest for the Orb.
     0 | D:1      | Reached XP level 1. HP: 12/12 MP: 1/1
    34 | D:1      | Reached XP level 2. HP: 17/17 MP: 2/2
   301 | D:1      | Reached skill level 4 in Staves
   360 | D:1      | Reached XP level 3. HP: 21/21 MP: 3/3
  1181 | D:2      | Reached XP level 4. HP: 26/26 MP: 4/4
  1387 | D:2      | Found a deep blue altar of Sif Muna.
  1504 | D:2      | Found a sacrificial altar of Ru.
  2033 | D:3      | Reached skill level 5 in Staves
  2493 | D:4      | Reached XP level 5. HP: 26/30 MP: 5/5
  2524 | D:4      | Noticed Thaneod's ghost (novice DEFE)
  2602 | D:4      | Killed Thaneod's ghost
  2602 | D:4      | Reached skill level 7 in Staves
  2602 | D:4      | Reached XP level 6. HP: 9/35 MP: 6/6
  2868 | D:4      | Reached XP level 7. HP: 40/40 MP: 7/7
  3001 | D:4      | Found a staircase to the Ecumenical Temple.
  3027 | Temple   | Entered the Ecumenical Temple
  3448 | D:5      | Entered Level 5 of the Dungeon
  3459 | D:5      | Found a glowing drain.
  3475 | Sewer    | Entered a sewer
  3649 | Sewer    | Reached skill level 8 in Staves
  3684 | Sewer    | Found a white marble altar of Elyvilon.
  3854 | D:5      | Found a shadowy altar of Dithmenos.
  3894 | D:5      | Slain by an iguana

Skill      XL: |  1  2  3  4  5  6  7 |
---------------+----------------------+-----
Staves         | 4 5 7 8 |  8.7
Fighting       | |  2.1
Throwing       | |  1.7
Dodging        | |  2.4

Action                   |  1- 3 |  4- 6 |  7- 9 || total
-------------------------+-------+-------+-------++-------
Melee: Quarterstaff      |   128 |   100 |   105 ||   333
 Abil: Stop Flying       |       |       |     1 ||     1
       Evoke Flight      |       |       |     1 ||     1
  Use: Scroll            |     3 |       |     6 ||     9
       Potion            |       |     1 |       ||     1
  Eat: Chunk             |       |     3 |     2 ||     5
       Ration            |       |     1 |     1 ||     2
Armor: Leather armour    |    19 |       |       ||    19
       Plate armour      |    88 |    79 |    68 ||   235
Dodge: Dodged            |    69 |    25 |    33 ||   127
